 Dungeon Crawl Stone Soup version 0.32-a0-172-gc5dd13f2a7 (webtiles) character file.

Game seed: 2894871956391072798

1600886 adelrune the Bringer of Light (level 27, 224/224 HPs)
             Began as a Gnoll Wanderer on Feb 9, 2024.
             Was the Champion of the Shining One.
             Escaped with the Orb
             ... and 3 runes on Feb 13, 2024!
             The game lasted 08:41:26 (82030 turns).

adelrune the Bringer of Light (Gnoll Wanderer)     Turns: 82030, Time: 08:41:27

Health: 224/224    AC: 26    Str: 26    XL:     27
Magic:  51/51      EV: 30    Int: 36    God:    the Shining One [******]
Gold:   2464       SH: 31    Dex: 21    Spells: 12/66 levels left

rFire   + . .        b - +6 trishula (holy)
rCold   + . .        U - +8 tower shield {rC+}
rNeg    + + +        h - +5 scale mail of Zapytu {rCorr Int+5}
rPois   .            Z - +1 helmet of Hoisipn {Int+2}
rElec   +            f - +0 cloak of Resourcefulness {Regen+}
rCorr   +            d - +2 pair of gloves {Dex+3}
SInv    .            W - -1 pair of boots of Futel {Int+9}
Will    ++...        w - amulet "Yloecam" {RegenMP Str+3 Slay+3}
Stlth   +            B - ring of Liegocki {Fly rElec Str+5 Dex+3 Slay-4}
HPRegen 0.00/turn    j - ring of Eternal Night {rF+ EV+5 Int+6}
MPRegen 0.72/turn

%: no passive effects
@: flying, inhibited regen, glowing, studying Translocations
A: fangs 1, strong nose, distributed training, clumsy 1, high MP 1, inhibited
regeneration, evolution 1, inability to read after injury 1, sturdy frame 1
0: Orb of Zot
}: 3/15 runes: decaying, serpentine, slimy
a: Renounce Religion, Divine Shield, Cleansing Flame, Summon Divine Warrior


You escaped.
You worshipped the Shining One.
The Shining One was exalted by your worship.
You visited 11 branches of the dungeon, and saw 53 of its levels.
You also visited: Trove, Sewer and Desolation.

You collected 8967 gold pieces.
You spent 6503 gold pieces at shops.

Inventory:

Hand Weapons
 a - the +8 autumn katana {manifold assault}
   (You found it on level 1 of the Depths)
 b - a +6 trishula of holy wrath (weapon)
Missiles
 N - 2 throwing nets
Armour
 d - a +2 pair of gloves of dexterity (worn)
 f - the +0 cloak of Resourcefulness (worn) {Regen+}
   (You acquired it on level 4 of the Lair of Beasts)

   Regen+:    It increases your rate of health regeneration.
 h - the +5 scale mail of Zapytu (worn) {rCorr Int+5}
   (You found it in the Desolation of Salt)

   Int+5:     It affects your intelligence (+5).
   rCorr:     It protects you from acid and corrosion.
 U - a +8 tower shield of cold resistance (worn)
 W - the -1 pair of boots of Futel (worn) {Int+9}
   (You acquired it on level 1 of the Vaults)

   Int+9:     It affects your intelligence (+9).
 Z - the +1 helmet of Hoisipn (worn) {Int+2}
   (You found it in a treasure trove)

   Int+2:     It affects your intelligence (+2).
Jewellery
 j - the ring of Eternal Night (right hand) {rF+ EV+5 Int+6}
   (You found it in a treasure trove)

   [ring of evasion]

   EV+5:      It affects your evasion (+5).
   Int+6:     It affects your intelligence (+6).
   rF+:       It protects you from fire.
 k - a ring of see invisible
 o - a ring of willpower
 w - the amulet "Yloecam" (around neck) {RegenMP Str+3 Slay+3}
   (You took it off a deep elf zephyrmancer on level 1 of the Elven Halls)

   [amulet of magic regeneration]

   RegenMP:   It increases your rate of magic regeneration.
   Str+3:     It affects your strength (+3).
   Slay+3:    It affects your accuracy & damage with ranged weapons and melee
   (+3).
 B - the ring of Liegocki (left hand) {Fly rElec Str+5 Dex+3 Slay-4}
   (You acquired it on level 15 of the Dungeon)

   [ring of flight]

   Str+5:     It affects your strength (+5).
   Dex+3:     It affects your dexterity (+3).
   Slay-4:    It affects your accuracy & damage with ranged weapons and melee
   (-4).
   rElec:     It insulates you from electricity.
   Fly:       It grants you flight.
 H - a +4 ring of protection
Wands
 g - a wand of flame (66)
 m - a wand of polymorph (28)
 n - a wand of roots (44)
 q - a wand of acid (47) (quivered)
 M - a wand of paralysis (44)
 Q - a wand of digging (61)
 V - a wand of mindburst (29)
Scrolls
 c - 15 scrolls of teleportation
 e - 7 scrolls of fog
 i - 10 scrolls of immolation
 l - 5 scrolls of blinking
 p - 13 scrolls of amnesia
 s - 5 scrolls of enchant weapon
 t - 4 scrolls of brand weapon
 u - 7 scrolls of poison
 x - 6 scrolls of fear
 y - 3 scrolls of silence
 D - 10 scrolls of noise
 K - 22 scrolls of identify
 S - 7 scrolls of vulnerability
 Y - 2 scrolls of summoning
Potions
 r - 10 potions of brilliance
 v - 11 potions of enlightenment
 z - 3 potions of cancellation
 A - 9 potions of might
 C - 8 potions of haste
 E - 7 potions of lignification
 F - 6 potions of berserk rage
 G - 8 potions of heal wounds
 I - 2 potions of ambrosia
 P - 16 potions of curing
 R - a potion of magic
 T - 10 potions of attraction
 X - 4 potions of resistance
Miscellaneous
 L - a phial of floods
 O - a box of beasts


   Skills:
 + Level 20.2 Fighting
 + Level 19.8 Short Blades
 + Level 19.8 Long Blades
 + Level 19.8 Axes
 + Level 19.8 Maces & Flails
 + Level 19.8 Polearms
 + Level 19.8 Staves
 + Level 19.8 Ranged Weapons
 + Level 20.0 Throwing
 + Level 19.8 Armour
 + Level 20.0 Dodging
 + Level 19.8 Stealth
 + Level 19.8 Shields
 + Level 21.2 Unarmed Combat
 + Level 20.0 Spellcasting
 + Level 16.9 Conjurations
 + Level 16.9 Hexes
 + Level 16.9 Summonings
 + Level 16.9 Necromancy
 + Level 18.1 Translocations
 + Level 16.9 Fire Magic
 + Level 16.9 Ice Magic
 + Level 16.9 Air Magic
 + Level 16.9 Earth Magic
 + Level 16.9 Alchemy
 + Level 21.4 Invocations
 + Level 20.0 Evocations
 + Level 18.3 Shapeshifting


You had 12 spell levels left.
You knew the following spells:

 Your Spells              Type           Power      Damage    Failure   Level
a - Slow                  Hex            100%       N/A       0%          1
b - Call Canine Familiar  Summ           100%       N/A       0%          3
c - Ozocubu's Armour      Ice            100%       N/A       0%          3
d - Frozen Ramparts       Ice            100%       1d16      0%          3
e - Manifold Assault      Tloc           100%       N/A       0%          4
f - Fireball              Conj/Fire      51%        3d20      1%          5
g - Blink                 Tloc           100%       N/A       0%          2
h - Summon Forest         Summ/Tloc      52%        N/A       1%          5
i - Summon Lightning Spi  Summ/Air       100%       N/A       1%          4
j - Irradiate             Conj/Alch      51%        3d28      1%          5
k - Summon Cactus Giant   Summ           51%        N/A       1%          6
l - Eringya's Noxious Bo  Alch           51%        4d6       1%          6
m - Summon Hydra          Summ           51%        N/A       1%          7

Your spell library contained the following spells:

 Spells                   Type           Power      Damage    Failure   Level
 Foxfire                  Conj/Fire      100%       2x1d9     0%          1
 Kiss of Death            Conj/Necr      100%       2d13      0%          1
 Magic Dart               Conj           100%       1d8       0%          1
 Shock                    Conj/Air       100%       1d9       0%          1
 Sting                    Conj/Alch      100%       1d9       0%          1
 Call Imp                 Summ           100%       N/A       0%          2
 Cigotuvi's Dreadful Rot  Necr/Alch/Air  100%       N/A       0%          2
 Ensorcelled Hibernation  Hex/Ice        100%       N/A       0%          2
 Lesser Beckoning         Tloc           100%       N/A       0%          2
 Mercury Vapours          Alch/Air       100%       N/A       0%          2
 Momentum Strike          Conj/Tloc      100%       3d10      0%          2
 Static Discharge         Conj/Air       100%       3-8/arc   0%          2
 Sublimation of Blood     Necr           100%       N/A       0%          2
 Confusing Touch          Hex            100%       N/A       0%          3
 Dazzling Flash           Conj/Hex       100%       N/A       0%          3
 Fugue of the Fallen      Necr           100%       N/A       0%          3
 Gell's Gravitas          Tloc           100%       N/A       0%          3
 Inner Flame              Hex/Fire       100%       N/A       0%          3
 Sigil of Binding         Hex            100%       N/A       0%          3
 Teleport Other           Tloc           100%       N/A       0%          3
 Tukima's Dance           Hex            100%       N/A       0%          3
 Vampiric Draining        Necr           100%       2d13      0%          3
 Volatile Blastmotes      Fire/Tloc      100%       2d18      0%          3
 Dimensional Bullseye     Hex/Tloc       52%        N/A       0%          4
 Iskenderun's Mystic Bla  Conj/Tloc      100%       2d19      0%          4
 Animate Armour           Summ/Erth      100%       N/A       1%          4
 Brom's Barrelling Bould  Conj/Erth      100%       2d11      1%          4
 Cause Fear               Hex            51%        N/A       1%          4
 Dispel Undead            Necr           100%       3d31      1%          4
 Flame Wave               Conj/Fire      100%       2d21      1%          4
 Ignite Poison            Fire/Alch      100%       N/A       1%          4
 Leda's Liquefaction      Alch/Erth      51%        N/A       1%          4
 Martyr's Knell           Necr/Summ      100%       N/A       1%          4
 Olgreb's Toxic Radiance  Alch           100%       N/A       1%          4
 Petrify                  Alch/Erth      100%       N/A       1%          4
 Sticky Flame             Fire/Alch      100%       2d15      1%          4
 Summon Blazeheart Golem  Fire/Summ      100%       N/A       1%          4
 Arcjolt                  Conj/Air       51%        1d61      1%          5
 Freezing Cloud           Conj/Ice/Air   51%        6-21      1%          5
 Iskenderun's Battlesphe  Conj           100%       2d15      1%          5
 Lee's Rapid Deconstruct  Erth           51%        3d24*     1%          5
 Metabolic Englaciation   Hex/Ice        51%        N/A       1%          5
 Bombard                  Conj/Erth      51%        9d9       1%          6
 Conjure Ball Lightning   Conj/Air       51%        3x3d18    1%          6
 Sculpt Simulacrum        Ice/Alch       51%        N/A       1%          6
 Starburst                Conj/Fire      51%        6d14      1%          6
 Haunt                    Necr/Summ      51%        N/A       1%          7
 Orb of Destruction       Conj           51%        9d13      1%          7
 Spellforged Servitor     Conj/Summ      51%        N/A       1%          7
 Disjunction              Tloc           52%        N/A       7%          8
 Discord                  Hex            51%        N/A       12%         8
 Ignition                 Fire           51%        3d14      12%         8
 Maxwell's Capacitive Co  Air            51%        ∞         12%         8
 Chain Lightning          Conj/Air       51%        3d68      87%         9
 Dragon's Call            Summ           51%        N/A       87%         9
 Fire Storm               Conj/Fire      51%        8d13      87%         9
 Shatter                  Erth           51%        3d39*     87%         9


Dungeon Overview and Level Annotations

Branches:
Dungeon (15/15)            Temple (0/1) D:6            Lair (5/5) D:9
  Swamp (4/4) Lair:3        Snake (4/4) Lair:3        Slime (5/5) Lair:4
    Orc (2/2) D:10            Elf (2/3) Orc:2        Vaults (4/5) D:14
  Crypt (3/3) Vaults:3       Tomb (0/3) Crypt:3      Depths (4/4) D:15
    Zot (5/5) Depths:4      Sewer (visited)         Desolation (visited)

Altars:
Ashenzari
Hepliaklqana
Kikubaaqudgha
Nemelex Xobeh
Okawaru
Qazlal
Uskayaw
Xom
Yredelemnul
Zin
The Shining One
Lugonu

Shops:
D:1 *   D:2 (   D:8 [   D:10 *   D:11 (   Orc:1 [   Orc:2 [:!*   Elf:2 !
Snake:3 [[*   Vaults:1 [?*(?(   Depths:4 !

Portals:
Hell: Depths:1 Depths:2 Depths:3 Depths:4
Abyss: D:6 Lair:5 Depths:3 Depths:4
Pandemonium: Orc:2 Depths:2
Ziggurat: Depths:1

Annotations:
D:6 2 transporters, exclusion: downstairs, Azoth's ghost, novice DgSh
D:7 exclusion: downstairs
D:8 exclusion: downstairs
D:13 exclusion: downstairs
Lair:1 exclusion: downstairs
Lair:2 exclusion: downstairs
Lair:4 3 runed translucent doors, exclusion: oklob plant, Gangsterbeez's ghost, journeyman MiFi
Snake:2 1 runed translucent door, Noblape's ghost, adept OnBe
Slime:2 exclusion: 2 downstairs
Vaults:3 2 runed translucent doors, Harhicoo's ghost, adept MiBe; Woitib's ghost, adept GrFE
Zot:4 1 exclusion


Innate Abilities, Weirdness & Mutations

You have very sharp teeth.
Your uncanny sense of smell can sniff out nearby items.
Your experience applies equally to all skills.
You are clumsy. (Dex -2)
You have an increased reservoir of magic. (+10% MP)
You do not regenerate when monsters are visible.
You have hidden genetic potential.
You occasionally lose the ability to read scrolls when taking damage.
Your movements are slightly less encumbered by armour. (ER -2)


Message History

a +0 robe; a +0 dagger; the human skeleton of Jessica You see here a hobgoblin skeleton.
There is a stone staircase leading up here.
You fly upwards.
There is a stone staircase leading down here.
An Orb Guardian comes into view.
You reach to attack!
You barely miss the Orb Guardian.
You hit the Orb Guardian but do no damage.
You block the Orb Guardian's attack.
You hit the Orb Guardian but do no damage.
You bite the Orb Guardian, but do no damage.
You block the Orb Guardian's attack.
You barely miss the Orb Guardian. You block the Orb Guardian's attack.
You hit the Orb Guardian. Your bite misses the Orb Guardian.
The Orb Guardian is lightly wounded.
You block the Orb Guardian's attack.
You impale the Orb Guardian!!
The Orb Guardian is moderately wounded.
The Orb Guardian closely misses you.
You puncture the Orb Guardian!
The Orb Guardian is moderately wounded.
You block the Orb Guardian's attack.
You puncture the Orb Guardian!
The Orb Guardian is heavily wounded.
The Orb Guardian misses you.
You hit the Orb Guardian. You bite the Orb Guardian.
The Orb Guardian is severely wounded.
You block the Orb Guardian's attack.
You impale the Orb Guardian!!
The Orb Guardian is almost dead.
The Orb Guardian hits you but does no damage.
You spit the Orb Guardian like a pig!!!
You kill the Orb Guardian!
Your Throwing skill increases to level 20!
Your Dodging skill increases to level 20!
Your Evocations skill increases to level 20!
No target in view!
There is a dry fountain here.
There is a staircase leading out of the dungeon here.
You have escaped!

#.# #.# #.#.####.##.# #.# #.#
#.# #.#.# ############
#.###.#####.#.#####.........###
#...........#.##...............
#####...............Y⌠...⌠.....
#....###.#####...⌠.........⌠..
#.######..# #.........≈.......
#.ß.∩.>.ß.###...⌠...........⌠.
######......#@.....≈.....≈....
#.#....#...⌠...........⌠.
#.######.........≈....... #.#
###...⌠.........⌠.. #.#
#.'.[....⌠...⌠..... #.#
#.##............... #.#
#.#####.........### #.# #...#
########### ######.# ####.#
#.##.# ##


You could see a hellephant.

Vanquished Creatures
  the Royal Jelly (Slime:5)
  2 dread liches (Zot:5)
  A juggernaut (Zot:1)
  Xtahua (Vaults:3)
  5 Killer Klowns (Zot:5)
  A caustic shrike (Depths:3)
  9 curse toes
  2 golden dragons
  The ghost of Vailuoroe the Devastator, a veteran GrEE of Lugonu (Crypt:1)
  Jory (Vaults:2)
  A bone dragon (Depths:2)
  2 electric golems (Zot:5)
  16 Orb Guardians
  4 liches
  10 tentacled monstrosities
  A titan (Depths:1)
  The ghost of cforsyth the Warrior, an adept DjHs of the Shining One (Snake:3)
  2 quicksilver dragons (Zot:4)
  A sphinx (Vaults:2)
  A deep elf blademaster (Elf:2)
  17 acid blobs
  6 death cobs
  7 ancient champions (Crypt:3)
  4 shadow dragons
  Kirke (Lair:5)
  3 thorn hunters
  4 nagarajas
  2 tengu reavers
  5 revenants
  9 azure jellies
  4 protean progenitors
  10 storm dragons
  A ghost moth (Zot:4)
  3 fire giants
  9 rockslimes
  4 draconian monks
  2 iron dragons (Zot:1)
  2 draconian shifters
  3 draconian knights (Zot:5)
  5 frost giants
  A deep elf sorcerer (Elf:2)
  A caustic shrike zombie (Crypt:2)
  An imperial myrmidon (Desolation)
  2 curse skulls (Crypt:3)
  2 draconian scorchers (Zot:4)
  A balrug (Depths:2)
  An orc warlord (Vaults:1)
  10 vault wardens
  A draconian annihilator (Zot:4)
  19 quicksilver oozes
  8 ironbound preservers
  A reaper (Crypt:2)
  7 very ugly things
  12 ghouls
  3 draconian stormcallers
  12 stone giants
  2 spriggan defenders (Depths:2)
  11 formless jellyfish
  8 ironbound thunderhulks
  3 green draconians
  2 grey draconians (Zot:1)
  2 white draconians (Zot:4)
  3 vampire knights
  4 eleionomae
  4 bunyips
  4 black draconians
  A deep elf death mage (Crypt:3)
  7 red draconians
  A deep elf annihilator (Elf:1)
  8 yellow draconians
  A halazid warlock (Desolation)
  8 dire elephants
  5 purple draconians
  10 spark wasps
  Snorg (Lair:4)
  3 war gargoyles
  3 eidola
  2 crystal guardians
  A deep elf high priest (Vaults:4)
  9 jiangshi
  2 fire dragons
  3 servants of whispers (Desolation)
  3 shambling mangroves
  7 yaktaur captains
  4 ettins
  2 entropy weavers
  4 ragged hierophants (Desolation)
  Josephine (Lair:3)
  15 great orbs of eyes
  A salamander tyrant (Snake:4)
  A hell beast (Depths:2)
  9 vault guards
  An ice dragon (Zot:4)
  2 spriggan zombies
  2 rakshasas
  10 anacondas
  23 hydras
  3 spriggan air magi
  A catoblepas (D:11)
  10 peacekeepers
  6 centaur warriors
  8 ironbound frosthearts
  5 two-headed ogres
  7 alligators
  A fenstrider witch skeleton (Crypt:1)
  3 hell hogs (Depths:1)
  17 dancing weapons
  7 boulder beetles
  13 naga warriors
  8 spriggan berserkers
  A deep troll shaman (Depths:1)
  7 tengu warriors
  4 vampire magi
  3 thrashing horrors (Lair:5)
  5 death yaks
  An orc high priest (Elf:2)
  An occultist (Depths:1)
  A titan zombie (Depths:2)
  9 naga sharpshooters
  A deep troll earth mage (Depths:1)
  16 hell knights
  8 shock serpents
  4 salamander mystics
  12 deep elf knights
  4 iron trolls
  2 soul eaters
  A storm dragon zombie (Depths:2)
  4 flayed ghosts
  5 shadow wraiths
  6 skysharks
  3 goliath frogs
  12 skeletal warriors
  6 spriggan druids
  35 deep trolls
  An anaconda zombie (Crypt:3)
  7 deep elf archers (Elf:1)
  13 ironbound convokers
  6 naga ritualists
  6 arcanists
  A tengu zombie (Depths:2)
  An orange crystal statue (Zot:5)
  A spriggan simulacrum (Crypt:1)
  12 swamp dragons
  12 bog bodies
  6 lindwurms
  A bunyip skeleton (Crypt:3)
  5 harpies
  7 mana vipers
  4 phantasmal warriors
  6 necromancers
  6 cyclopes
  23 deep elf pyromancers
  A large abomination (Lair:5)
  18 salamanders
  9 orc knights
  3 fauns (Depths:2)
  2 oklob plants
  30 ugly things
  7 shining eyes
  A manticore (shapeshifter) (Vaults:3)
  14 deep elf zephyrmancers
  A stone giant zombie (Crypt:2)
  28 moths of wrath
  2 orc sorcerers
  A stone giant skeleton (Crypt:3)
  3 will-o-the-wisps
  4 manticores
  A kobold blastminer (Orc:1)
  32 black mambas
  7 apocalypse crabs (Zot:2)
  2 water nymphs (Depths:2)
  18 elephants
  10 vault sentinels
  3 eyes of devastation
  11 guardian serpents
  A molten gargoyle (Desolation)
  3 gargoyles
  15 naga magi
  2 nameless horrors
  9 cane toads
  An unseen horror (D:12)
  6 rime drakes
  6 freezing wraiths
  A pale draconian zombie (Crypt:1)
  Jeremiah (D:9)
  4 efreet
  29 yaktaurs
  A komodo dragon (shapeshifter) (D:14)
  A kobold demonologist (D:12)
  11 komodo dragons
  2 harpy zombies (Crypt:1)
  3 guardian mummies (Crypt:3)
  3 tengu conjurers
  A sea snake skeleton (Crypt:1)
  11 trolls
  A polar bear (Lair:4)
  6 tyrant leeches
  46 saltlings (Desolation)
  3 glass eyes
  A boulder beetle zombie (Crypt:3)
  A stone giant simulacrum (Crypt:1)
  20 hornets
  2 death drake skeletons
  A raiju (Lair:5)
  An ettin zombie (Depths:1)
  81 slime creatures
  7 blink frogs (Lair:5)
  2 shadows
  A centaur simulacrum (D:12)
  Sigmund (D:2)
  12 wraiths
  50 yaks
  An air elemental (Elf:2)
  2 vampires
  An ushabti (Crypt:3)
  A wyvern (shapeshifter) (Elf:1)
  2 ynoxinuls
  A spriggan (shapeshifter) (Lair:5)
  A fire elemental (Elf:1)
  4 humans
  17 spriggans
  An alligator snapping turtle simulacrum (Crypt:1)
  2 wargs (Orc:2)
  4 water elementals
  A yak (shapeshifter) (Lair:5)
  2 wyverns
  Grum (D:8)
  3 hogs (Lair:4)
  6 steam dragons
  A golden eye (Slime:1)
  12 basilisks
  Edmund (D:4)
  8 vampire mosquitoes
  3 chaos spawn (Lair:5)
  2 redbacks (Vaults:1)
  34 nagas
  An acid dragon (D:11)
  13 swamp worms
  A water nymph zombie (Crypt:2)
  9 water moccasins
  24 orc warriors
  8 swamp drakes (Swamp:4)
  4 ice beasts
  6 black bears
  A sky beast (D:7)
  An elephant zombie (Crypt:3)
  13 small abominations (Lair:5)
  A centaur (D:8)
  7 ogres
  A crocodile (Sewer)
  15 laughing skulls
  24 wolves
  3 phantoms
  9 bullfrogs
  5 necrophages
  2 gnoll sergeants
  3 scorpions
  3 wights
  A wyvern skeleton (Crypt:2)
  8 killer bees
  An electric eel (D:12)
  A bombardier beetle (D:3)
  5 hounds
  6 jellies
  A basilisk zombie (Crypt:3)
  28 orc priests
  Crazy Yiuf (D:5)
  Jessica (D:2)
  A black bear skeleton (Crypt:3)
  Ijyb (D:3)
  Natasha (thrice) (D:3)
  4 iguanas
  17 orc wizards
  An ice beast zombie (Crypt:1)
  A crocodile skeleton (Crypt:1)
  A naga skeleton (Crypt:2)
  11 gnolls
  6 adders
  A river rat (D:3)
  A steam dragon skeleton (Crypt:2)
  A white imp (D:7)
  2 ufetubi (D:7)
  An iguana zombie (Crypt:1)
  An adder zombie (Crypt:2)
  3 dart slugs
  5 ribbon worms
  84 orcs
  7 ball pythons
  7 endoplasms
  6 hobgoblins
  6 jackals (Sewer)
  4 kobolds
  7 quokkas
  3 bats
  A bombardier beetle zombie (Crypt:2)
  4 frilled lizards
  A giant cockroach zombie (Crypt:3)
  A gnoll skeleton (Crypt:3)
  12 goblins
  A goblin zombie (Crypt:1)
  9 rats
  2 aspiring fleshes (Zot:4)
  2 spectral weapons
1888 creatures vanquished.

Vanquished Creatures (collateral kills)
  A dread lich (Zot:5)
  2 orbs of fire (Zot:4)
  Mennas (Vaults:4)
  5 Killer Klowns
  The ghost of Raxkuugy the Crack Shot, a master TeHu of Fedhas (Crypt:1)
  Saint Roka (Depths:1)
  Vashnia (Snake:4)
  3 golden dragons
  the Enchantress (Depths:2)
  Zenata (Vaults:3)
  10 Orb Guardians
  A Hell Sentinel (Depths:1)
  A lich (Crypt:3)
  6 tentacled monstrosities
  2 quicksilver dragons
  7 acid blobs
  2 death cobs
  3 sphinxes
  4 ancient champions
  3 tengu reavers
  6 storm dragons
  9 azure jellies
  5 fire giants
  4 shadow dragons
  3 rockslimes (Slime:5)
  2 revenants
  3 vault wardens
  4 draconian knights
  2 nagarajas (Snake:4)
  4 draconian monks
  5 frost giants
  An iron dragon (Zot:1)
  An imperial myrmidon (Desolation)
  A draconian stormcaller (Zot:1)
  2 draconian scorchers (Zot:5)
  2 ghost moths (Zot:4)
  8 ghouls
  An orc warlord (Vaults:4)
  8 ironbound preservers
  8 very ugly things
  6 draconian annihilators
  12 quicksilver oozes
  A formless jellyfish (Vaults:3)
  4 grey draconians (Zot:1)
  3 green draconians
  4 vampire knights
  11 stone giants
  2 ironbound thunderhulks (Vaults:4)
  5 black draconians
  A halazid warlock (Desolation)
  A war gargoyle (Vaults:3)
  An eleionoma (Depths:2)
  8 red draconians
  7 spark wasps
  2 dire elephants (Vaults:4)
  A deep elf death mage (Vaults:3)
  3 yellow draconians
  3 purple draconians
  2 pale draconians (Depths:4)
  A blizzard demon (Zot:5)
  2 mummy priests (Crypt:3)
  A crystal guardian (Desolation)
  6 white draconians
  2 eidola (Crypt:3)
  11 yaktaur captains
  2 jiangshi (Crypt:1)
  A quicksilver dragon zombie (Depths:2)
  A merfolk javelineer (Depths:3)
  3 ettins
  2 demonspawn (Orc:2)
  7 fire dragons
  A ragged hierophant (Desolation)
  A deep elf high priest (Vaults:3)
  7 ice dragons
  2 salamander tyrants (Snake:4)
  An entropy weaver (Vaults:3)
  2 servants of whispers (Desolation)
  2 alligators (Swamp:1)
  4 vault guards
  A spriggan air mage (Depths:2)
  2 peacekeepers
  4 centaur warriors
  An anaconda (Snake:1)
  5 ironbound frosthearts
  A death knight (Crypt:3)
  5 dancing weapons
  2 naga warriors (Snake:4)
  A two-headed ogre (D:11)
  A satyr (Depths:2)
  4 deep troll shamans
  4 tengu warriors
  2 vampire magi
  3 deep troll earth magi
  3 naga sharpshooters (Snake:4)
  7 orc high priests
  A hell hog (Depths:1)
  5 spriggan berserkers
  A sun demon (Orc:2)
  4 deep elf knights
  8 hell knights
  A skyshark (shapeshifter) (Depths:1)
  12 skeletal warriors
  A goliath frog (Swamp:1)
  A golden dragon zombie (Depths:1)
  A bunyip zombie (Crypt:3)
  22 deep trolls
  2 flayed ghosts (Crypt:3)
  2 naga ritualists (Snake:4)
  A spriggan druid (Swamp:1)
  3 arcanists
  A mana viper (Snake:4)
  3 lindwurms (Vaults:2)
  2 bog bodies
  6 deep elf archers
  A swamp dragon (Swamp:1)
  An ironbound convoker (Vaults:4)
  2 orc knights
  3 harpies (Vaults:2)
  3 necromancers
  2 phantasmal warriors
  9 deep elf zephyrmancers
  3 deep elf pyromancers
  5 ugly things
  6 orc sorcerers
  2 shining eyes
  8 moths of wrath
  3 fauns (Depths:2)
  A black mamba (shapeshifter) (D:13)
  A rust devil (Orc:2)
  2 salamanders
  2 apocalypse crabs (Zot:2)
  4 black mambas
  A guardian serpent (Snake:4)
  2 naga magi
  8 vault sentinels
  An eye of devastation (shapeshifter) (Depths:3)
  2 gargoyles (D:13)
  An orange demon (Orc:2)
  A centaur skeleton (Crypt:1)
  2 dire elephant skeletons
  A freezing wraith (Crypt:3)
  A nameless horror (Depths:4)
  10 yaktaurs
  A tengu conjurer (Depths:1)
  2 tyrant leeches (Swamp:1)
  A guardian mummy (Crypt:3)
  A polar bear (Lair:2)
  5 hornets
  6 saltlings
  A glass eye (Slime:2)
  23 slime creatures
  An ice dragon zombie (Crypt:1)
  2 water elementals
  3 spriggans
  A wyvern (D:11)
  4 wraiths
  A fire elemental (Elf:1)
  A redback (Vaults:3)
  A basilisk (D:15)
  2 swamp worms
  A swamp worm (shapeshifter) (Vaults:4)
  8 nagas
  3 acid dragons (Depths:4)
  7 laughing skulls
  8 orc warriors
  A wolf (Zot:4)
  An ogre (Orc:2)
  2 necrophages
  3 orc priests
  An orc wizard (Orc:2)
  2 tengu zombies
  4 orcs
  A ball python skeleton (Crypt:2)
  2 aspiring fleshes (Zot:4)
  A spectral weapon (Zot:5)
583 creatures vanquished.

Vanquished Creatures (others)
  A profane servitor (Depths:1)
  Asterion (Vaults:3)
  A vault guard (D:14)
  A vampire mage (Crypt:1)
  A deep elf zephyrmancer (Elf:1)
  A bloated husk (Swamp:4)
  A tyrant leech (Swamp:4)
  A neqoxec (Zot:5)
  A naga (Snake:4)
  A swamp drake (Swamp:4)
  A quasit (Depths:4)
  3 ball lightnings (Zot:5)
  14 foxfires
  87 snaplasher vines
115 creatures vanquished.

Grand Total: 2586 creatures vanquished

Notes
Turn   | Place    | Note
-------+----------+-------------------------------------------
     0 | D:1      | adelrune the Gnoll Wanderer began the quest for the Orb.
     0 | D:1      | adelrune set off with the following items: a +0 dagger, a
                  | scroll of fear, a scroll of teleportation, a potion of
                  | lignification, a scroll of fog, a +0 leather armour, a
                  | potion of heal wounds.
     0 | D:1      | Reached XP level 1. HP: 20/20 MP: 4/4
   127 | D:1      | Reached XP level 2. HP: 25/26 MP: 5/5
   268 | D:1      | Found a faded altar of an unknown god.
   359 | D:1      | Prayed at the altar of an unknown god.
   359 | D:1      | Became a worshipper of the Shining One
   359 | D:1      | Reached * piety under the Shining One
   450 | D:1      | Found Lirghaur's Assorted Antiques.
   562 | D:1      | Reached XP level 3. HP: 31/31 MP: 7/7
   881 | D:2      | Noticed Jessica
   884 | D:2      | Killed Jessica
   885 | D:2      | Reached skill level 1 in Short Blades
   885 | D:2      | Reached skill level 1 in Long Blades
   885 | D:2      | Reached skill level 1 in Axes
   885 | D:2      | Reached skill level 1 in Maces & Flails
   885 | D:2      | Reached skill level 1 in Polearms
   885 | D:2      | Reached skill level 1 in Staves
   885 | D:2      | Reached skill level 1 in Ranged Weapons
   885 | D:2      | Reached skill level 1 in Armour
   885 | D:2      | Reached skill level 1 in Stealth
   885 | D:2      | Reached skill level 1 in Shields
   885 | D:2      | Reached skill level 1 in Invocations
   885 | D:2      | Reached skill level 1 in Shapeshifting
   885 | D:2      | Reached XP level 4. HP: 38/38 MP: 8/8
  1014 | D:2      | Noticed Sigmund
  1022 | D:2      | Reached skill level 1 in Conjurations
  1022 | D:2      | Reached skill level 1 in Hexes
  1022 | D:2      | Reached skill level 1 in Summonings
  1022 | D:2      | Reached skill level 1 in Necromancy
  1022 | D:2      | Reached skill level 1 in Translocations
  1022 | D:2      | Reached skill level 1 in Fire Magic
  1022 | D:2      | Reached skill level 1 in Ice Magic
  1022 | D:2      | Reached skill level 1 in Air Magic
  1022 | D:2      | Reached skill level 1 in Earth Magic
  1022 | D:2      | Reached skill level 1 in Alchemy
  1029 | D:2      | Killed Sigmund
  1030 | D:2      | Reached XP level 5. HP: 43/43 MP: 7/10
  1030 | D:2      | Reached XP level 6. HP: 50/50 MP: 7/11
  1342 | D:2      | Found Qugaw's Antique Weapon Shoppe.
  1407 | D:2      | Reached skill level 5 in Fighting
  1696 | D:3      | Noticed Ijyb
  1713 | D:3      | Killed Ijyb
  1778 | D:3      | Found a glowing drain.
  1812 | Sewer    | Entered a sewer
  1829 | Sewer    | Reached ** piety under the Shining One
  1889 | Sewer    | Reached XP level 7. HP: 55/56 MP: 12/12
  2118 | D:3      | Noticed Natasha
  2126 | D:3      | Killed Natasha
  2131 | D:3      | Noticed Natasha
  2137 | D:3      | Killed Natasha
  2215 | D:3      | Found a stormy altar of Qazlal.
  2271 | D:3      | Noticed Natasha
  2279 | D:3      | Killed Natasha
  2881 | D:4      | Noticed Edmund
  2903 | D:4      | Killed Edmund
  2908 | D:4      | Reached XP level 8. HP: 21/63 MP: 14/14
  3294 | D:5      | Entered Level 5 of the Dungeon
  3452 | D:5      | Found a hazy altar of Hepliaklqana.
  3940 | D:2      | Bought a smoking quarterstaff for 189 gold pieces
  3940 | D:2      | Identified the +9 quarterstaff of Husear {freeze, rN+} (You
                  | bought it in a shop on level 2 of the Dungeon)
  4250 | D:5      | Identified the +3 mace of Bloody Death {spect, rElec Str+4
                  | Int+3}
  4382 | D:5      | Found a broken altar of Ashenzari.
  4444 | D:5      | Found a runed translucent door.
  4445 | D:5      | Noticed Crazy Yiuf
  4455 | D:5      | Killed Crazy Yiuf
  4573 | D:6      | Reached XP level 9. HP: 58/69 MP: 16/16
  4609 | D:6      | Learned a level 1 spell: Slow
  4668 | D:6      | Noticed a red devil
  4719 | D:6      | Found a staircase to the Ecumenical Temple.
  4735 | D:6      | Reached skill level 5 in Spellcasting
  4855 | D:5      | Reached skill level 5 in Throwing
  4855 | D:5      | Reached skill level 5 in Dodging
  4855 | D:5      | Reached skill level 5 in Evocations
  4955 | D:6      | Found a transporter.
  4959 | D:6      | Noticed Azoth's ghost (novice DgSh)
  4979 | D:6      | Found a transporter.
  5008 | D:6      | Found a one-way gate to the infinite horrors of the Abyss.
  5317 | D:7      | Reached *** piety under the Shining One
  5801 | D:7      | Reached skill level 5 in Invocations
  6100 | D:8      | Noticed Grum
  6315 | D:8      | Learned a level 3 spell: Call Canine Familiar
  6462 | D:7      | Reached skill level 5 in Short Blades
  6462 | D:7      | Reached skill level 5 in Long Blades
  6462 | D:7      | Reached skill level 5 in Axes
  6462 | D:7      | Reached skill level 5 in Maces & Flails
  6462 | D:7      | Reached skill level 5 in Polearms
  6462 | D:7      | Reached skill level 5 in Staves
  6462 | D:7      | Reached skill level 5 in Ranged Weapons
  6462 | D:7      | Reached skill level 5 in Armour
  6462 | D:7      | Reached skill level 5 in Stealth
  6462 | D:7      | Reached skill level 5 in Shields
  6462 | D:7      | Reached XP level 10. HP: 37/77 MP: 18/18
  6604 | D:8      | Killed Grum
  6605 | D:8      | Reached skill level 10 in Unarmed Combat
  6805 | D:8      | Learned a level 3 spell: Ozocubu's Armour
  6917 | D:8      | Found Culupead's Armour Shoppe.
  6979 | D:8      | Identified the +1 long sword of Valour {chaos, rCorr}
  7450 | D:9      | Noticed a two-headed ogre
  7456 | D:9      | Killed a two-headed ogre
  7459 | D:9      | Paralysed by a hornet for 3 turns
  7470 | D:9      | Reached skill level 5 in Shapeshifting
  7718 | D:9      | Noticed Jeremiah
  7866 | D:9      | Identified the +7 plate armour of Distant Worlds {Regen+
                  | Dex-4 SInv}
  7934 | D:9      | Killed Jeremiah
  7993 | D:9      | Found a flagged portal.
  8325 | D:9      | Reached skill level 5 in Conjurations
  8325 | D:9      | Reached skill level 5 in Hexes
  8325 | D:9      | Reached skill level 5 in Summonings
  8325 | D:9      | Reached skill level 5 in Necromancy
  8325 | D:9      | Reached skill level 5 in Translocations
  8325 | D:9      | Reached skill level 5 in Fire Magic
  8325 | D:9      | Reached skill level 5 in Ice Magic
  8325 | D:9      | Reached skill level 5 in Air Magic
  8325 | D:9      | Reached skill level 5 in Earth Magic
  8325 | D:9      | Reached skill level 5 in Alchemy
  8444 | D:9      | Found a staircase to the Lair.
  8574 | D:10     | Entered Level 10 of the Dungeon
  8589 | D:9      | Reached XP level 11. HP: 82/85 MP: 21/21
  9032 | D:10     | Found a staircase to the Orcish Mines.
  9224 | D:10     | Found Quawnum's Lightly-Used Armoury.
  9284 | D:10     | Identified the +8 dagger "Legysom" {freeze, *Slow rF+ rN+
                  | Will+++}
  9478 | D:10     | Upgraded the game from 0.32-a0-132-g2d33c3cfaf to
                  | 0.32-a0-136-gc02482bde3
  9507 | Lair:1   | Entered Level 1 of the Lair of Beasts
 11256 | Lair:2   | Noticed a six-headed hydra
 11276 | Lair:1   | HP: 2/87 [six-headed hydra (11)]
 11277 | Lair:1   | Killed a six-headed hydra
 11747 | Lair:2   | Reached XP level 12. HP: 94/94 MP: 20/23
 13236 | Lair:3   | Found a sparkling altar of Nemelex Xobeh.
 13349 | Lair:3   | Noticed a boulder beetle
 13371 | Lair:3   | Killed a boulder beetle
 13732 | Lair:3   | Found a staircase to the Snake Pit.
 14200 | Lair:3   | Found a staircase to the Swamp.
 14323 | Lair:4   | Noticed Josephine
 14341 | Lair:3   | Killed Josephine
 14388 | Lair:3   | Reached XP level 13. HP: 101/101 MP: 25/25
 14988 | Lair:4   | Noticed Snorg
 15002 | Lair:4   | Killed Snorg
 15409 | Lair:4   | Found a runed translucent gate.
 15409 | Lair:4   | Found a runed translucent gate.
 15409 | Lair:4   | Found a runed translucent gate.
 15562 | Lair:4   | Found a staircase to the Slime Pits.
 15777 | Lair:4   | Noticed Gangsterbeez's ghost (journeyman MiFi)
 15817 | Lair:5   | Entered Level 5 of the Lair of Beasts
 15817 | Lair:5   | Noticed Kirke
 15817 | Lair:5   | Reached **** piety under the Shining One
 16342 | Lair:5   | Killed Kirke
 16549 | Lair:4   | Reached skill level 10 in Fighting
 17143 | Lair:5   | Reached XP level 14. HP: 105/110 MP: 27/27
 17199 | Lair:5   | Reached skill level 10 in Invocations
 18230 | Lair:4   | Identified a scroll of acquirement
 18230 | Lair:4   | Acquired the +0 cloak of Resourcefulness {Regen+}
 18502 | Lair:5   | Reached ***** piety under the Shining One
 18598 | Lair:5   | Reached skill level 10 in Spellcasting
 18637 | Lair:5   | Reached skill level 10 in Throwing
 18637 | Lair:5   | Reached skill level 10 in Dodging
 18637 | Lair:5   | Reached skill level 10 in Evocations
 18831 | Lair:5   | Found a corrupted altar of Lugonu.
 18831 | Lair:5   | Found the +8 Vampire's Tooth {megavamp}
 19135 | Orc:1    | Entered Level 1 of the Orcish Mines
 19815 | Orc:2    | Entered Level 2 of the Orcish Mines
 20153 | Orc:2    | Found a staircase to the Elven Halls.
 20634 | Orc:2    | Found Lomawuant's Distillery.
 20673 | Orc:2    | Found Juennong's General Store.
 20783 | Orc:2    | Bought a potion of haste for 160 gold pieces
 20783 | Orc:2    | Bought a potion of heal wounds for 80 gold pieces
 20783 | Orc:2    | Bought 2 potions of heal wounds for 160 gold pieces
 20783 | Orc:2    | Bought a potion of haste for 160 gold pieces
 20785 | Orc:2    | Bought a scroll of acquirement for 676 gold pieces
 20785 | Orc:2    | Acquired an amulet of magic regeneration
 20898 | Orc:2    | Reached skill level 10 in Short Blades
 20898 | Orc:2    | Reached skill level 10 in Long Blades
 20898 | Orc:2    | Reached skill level 10 in Axes
 20898 | Orc:2    | Reached skill level 10 in Maces & Flails
 20898 | Orc:2    | Reached skill level 10 in Polearms
 20898 | Orc:2    | Reached skill level 10 in Staves
 20898 | Orc:2    | Reached skill level 10 in Ranged Weapons
 20898 | Orc:2    | Reached skill level 10 in Armour
 20898 | Orc:2    | Reached skill level 10 in Stealth
 20898 | Orc:2    | Reached skill level 10 in Shields
 21073 | Orc:2    | Reached XP level 15. HP: 99/118 MP: 29/29
 21110 | Orc:2    | Found Neim Tess's Book Shop.
 21110 | Orc:2    | Found Epaip's Antique Armour Boutique.
 21111 | Orc:2    | Found a one-way gate leading to the halls of Pandemonium.
 21494 | Orc:1    | Found Camoaloi's Antique Armour Shoppe.
 21663 | D:11     | Reached ****** piety under the Shining One
 21983 | D:11     | Learned a level 3 spell: Frozen Ramparts
 22071 | D:11     | Found Gedeg's Weapon Shop.
 23111 | D:12     | You fall into a shaft and drop 1 floor!
 23877 | D:13     | Identified the +6 hand axe "Killer Bee's Doom" {heavy,
                  | rPois Int+4}
 23879 | D:13     | Identified the +7 hand axe of Fate {drain, ^Contam MP+9
                  | Int+7}
 24370 | D:13     | Identified the +0 pair of gloves of the Zebrataur {rF+ rC-
                  | Int+6}
 24680 | D:13     | Reached skill level 10 in Shapeshifting
 24771 | D:14     | Reached XP level 16. HP: 98/127 MP: 31/31
 25539 | D:14     | Found a gate to the Vaults.
 25674 | D:15     | Entered Level 15 of the Dungeon
 25891 | D:15     | Acquired the ring of Liegocki {Fly rElec Str+5 Dex+3
                  | Slay-4}
 25937 | D:15     | Found a staircase to the Depths.
 26545 | D:15     | Found a hide-covered altar of Uskayaw.
 26557 | D:15     | Acquired the +1 eveningstar of Jommu {flame, Str+3}
 26931 | Swamp:1  | Entered Level 1 of the Swamp
 26970 | Lair:3   | Paralysed by a hornet for 2 turns
 28635 | Swamp:3  | Noticed a thorn hunter
 28750 | Swamp:2  | Killed a thorn hunter
 28900 | Swamp:2  | Learned a level 4 spell: Manifold Assault
 29312 | Swamp:2  | HP: 3/129 [poisoned by a swamp dragon (poison gas)]
 29414 | Swamp:3  | Reached XP level 17. HP: 133/135 MP: 33/33
 29606 | Swamp:4  | Entered Level 4 of the Swamp
 29718 | Swamp:3  | Reached skill level 10 in Conjurations
 29718 | Swamp:3  | Reached skill level 10 in Hexes
 29718 | Swamp:3  | Reached skill level 10 in Summonings
 29718 | Swamp:3  | Reached skill level 10 in Necromancy
 29718 | Swamp:3  | Reached skill level 10 in Translocations
 29718 | Swamp:3  | Reached skill level 10 in Fire Magic
 29718 | Swamp:3  | Reached skill level 10 in Ice Magic
 29718 | Swamp:3  | Reached skill level 10 in Air Magic
 29718 | Swamp:3  | Reached skill level 10 in Earth Magic
 29718 | Swamp:3  | Reached skill level 10 in Alchemy
 31345 | Swamp:4  | Learned a level 5 spell: Fireball
 31487 | Swamp:4  | Got a decaying rune of Zot
 32091 | Snake:1  | Entered Level 1 of the Snake Pit
 32888 | Snake:1  | Found a shimmering altar of Xom.
 33634 | Snake:2  | Reached XP level 18. HP: 140/143 MP: 25/34
 34142 | Snake:2  | Found a runed translucent door.
 34143 | Snake:2  | Noticed Noblape's ghost (adept OnBe)
 34340 | Snake:2  | Reached skill level 15 in Unarmed Combat
 35258 | Snake:3  | Upgraded the game from 0.32-a0-136-gc02482bde3 to
                  | 0.32-a0-163-g159c032296
 35508 | Orc:2    | Bought a book of Spatial Translocations for 288 gold pieces
 35511 | Orc:2    | Learned a level 2 spell: Blink
 35517 | Orc:2    | Learned a level 5 spell: Summon Forest
 36261 | Snake:3  | Found a runed translucent door.
 36262 | Snake:3  | Noticed cforsyth's ghost (adept DjHs)
 36428 | Snake:3  | Found Zeoloatt's General Store.
 36438 | Snake:3  | Found Yrawkot's Antique Armour Emporium.
 36440 | Snake:3  | Found Cerorez's Antique Armour Shoppe.
 36450 | Snake:3  | Bought a masterwork troll leather armour for 600 gold
                  | pieces
 36450 | Snake:3  | Identified the +0 troll leather armour "Oserrum" {Regen+
                  | Str-4 Dex+5} (You bought it in a shop on level 3 of the
                  | Snake Pit)
 36687 | Snake:4  | Entered Level 4 of the Snake Pit
 38649 | Snake:4  | Noticed Vashnia
 38713 | Snake:4  | Reached XP level 19. HP: 151/151 MP: 8/36
 38716 | Snake:4  | Killed Vashnia
 38874 | Snake:4  | Found an iron altar of Okawaru.
 38932 | Snake:4  | Got a serpentine rune of Zot
 39431 | D:8      | Bought a +1 pair of gloves of dexterity for 231 gold pieces
 39635 | Elf:1    | Entered Level 1 of the Elven Halls
 40508 | Elf:1    | Identified the amulet "Yloecam" {RegenMP Str+3 Slay+3}
 40658 | Elf:1    | Got the Book of the Missiles
 40684 | Elf:1    | Identified the +3 leather armour of the Hecatoncheires
                  | {Str+7 Dex-3 Stlth+}
 41423 | Elf:2    | Found Syrhum's Distillery.
 41430 | Elf:2    | Bought a potion of haste for 210 gold pieces
 41509 | Elf:2    | Got the Treatise on the Mirage
 41515 | Elf:2    | Learned a level 4 spell: Summon Lightning Spire
 41543 | Elf:2    | Found a crumbling gateway.
 41596 | Desolati | Entered the Desolation of Salt
 42130 | Desolati | Got the Essays on Conduction and Kinetic Energy
 42265 | Desolati | Reached skill level 15 in Invocations
 42454 | Desolati | Identified the amulet "Yfamnaipyng" {Acrobat *Corrode Dex+2
                  | Stlth+}
 42731 | Desolati | Reached XP level 20. HP: 117/160 MP: 30/38
 42735 | Desolati | Got the Elucidation of the Forest
 42742 | Desolati | Learned a level 5 spell: Irradiate
 42809 | Desolati | Identified the +5 scale mail of Zapytu {rCorr Int+5}
 43033 | Desolati | Identified the +1 chain mail "Mozigauji" {Will+ Str+3
                  | Int+3}
 43047 | Desolati | Got Puwnal's Directory of the Luminous Torch
 43451 | Elf:2    | Found a runed translucent gate.
 43451 | Elf:2    | Found a runed translucent gate.
 43451 | Elf:2    | Found a runed translucent gate.
 44342 | Elf:2    | Identified the blade talisman of Hubris {Stlth+}
 44662 | Vaults:1 | Entered Level 1 of the Vaults
 45039 | D:14     | Reached skill level 15 in Fighting
 45415 | Vaults:1 | You are sucked into a shaft and drop 1 floor!
 45419 | Vaults:2 | Noticed Jory
 45421 | Vaults:2 | Upgraded the game from 0.32-a0-163-g159c032296 to
                  | 0.32-a0-172-gc5dd13f2a7
 45452 | Vaults:2 | Killed Jory
 45599 | Vaults:2 | Found a portal to a secret trove of treasure.
 45627 | Vaults:1 | Acquired the -1 pair of boots of Futel {Int+9}
 45646 | Vaults:1 | Found Qonuy's Magic Scroll Shoppe.
 45674 | Vaults:1 | Bought a scroll of blinking for 75 gold pieces
 45700 | Vaults:1 | Found a glowing silver altar of Zin.
 45780 | Vaults:1 | Found Beotoim's Weapon Boutique.
 45925 | Vaults:1 | Found Pikom's Weapon Boutique.
 46051 | Vaults:1 | Found Bumpim's Assorted Antiques.
 46217 | Vaults:1 | Found Veohamoan's Magic Scroll Emporium.
 46238 | Vaults:1 | Found Cexis's Antique Armour Shop.
 46439 | Vaults:1 | Reached XP level 21. HP: 168/168 MP: 20/39
 46452 | Vaults:1 | Learned a level 6 spell: Summon Cactus Giant
 47308 | Vaults:2 | Reached skill level 15 in Spellcasting
 47489 | Vaults:2 | Reached skill level 15 in Throwing
 47489 | Vaults:2 | Reached skill level 15 in Dodging
 47489 | Vaults:2 | Reached skill level 15 in Evocations
 47490 | Vaults:2 | Paralysed by a formless jellyfish for 1 turns
 48420 | Vaults:3 | Reached skill level 15 in Short Blades
 48420 | Vaults:3 | Reached skill level 15 in Long Blades
 48420 | Vaults:3 | Reached skill level 15 in Axes
 48420 | Vaults:3 | Reached skill level 15 in Maces & Flails
 48420 | Vaults:3 | Reached skill level 15 in Polearms
 48420 | Vaults:3 | Reached skill level 15 in Staves
 48420 | Vaults:3 | Reached skill level 15 in Ranged Weapons
 48420 | Vaults:3 | Reached skill level 15 in Armour
 48420 | Vaults:3 | Reached skill level 15 in Stealth
 48420 | Vaults:3 | Reached skill level 15 in Shields
 48493 | Vaults:3 | Noticed Xtahua
 48512 | Vaults:3 | Killed Xtahua
 48691 | Vaults:3 | Noticed Harhicoo's ghost (adept MiBe)
 48692 | Vaults:3 | Found a large runed translucent door.
 48692 | Vaults:3 | Found a large runed translucent door.
 48692 | Vaults:3 | Noticed Woitib's ghost (adept GrFE)
 48695 | Vaults:3 | Noticed Zenata
 48707 | Vaults:3 | Killed Zenata
 48977 | Vaults:3 | Found a staircase to the Crypt.
 49357 | Vaults:3 | Paralysed by a formless jellyfish for 1 turns
 49744 | Vaults:3 | Reached XP level 22. HP: 177/177 MP: 36/41
 50239 | Vaults:3 | Noticed Asterion
 50252 | Vaults:3 | Killed Asterion
 50289 | Vaults:3 | Identified a +3 trishula of holy wrath (a +1 spectral demon
                  | trident blessed by the Shining One)
 50289 | Vaults:3 | Received a gift from the Shining One
 51174 | Snake:3  | Killed cforsyth's ghost
 51184 | Snake:3  | Identified the +6 trident "Itid" {flame, rN+}
 51774 | Vaults:4 | Noticed Mennas
 51908 | Vaults:4 | Killed Mennas
 54102 | Vaults:4 | Learned a level 6 spell: Eringya's Noxious Bog
 54409 | Crypt:1  | Entered Level 1 of the Crypt
 54692 | Crypt:1  | Reached XP level 23. HP: 185/185 MP: 18/43
 54968 | Crypt:1  | Found a runed translucent gate.
 54968 | Crypt:1  | Found a runed translucent gate.
 54970 | Crypt:1  | Found a runed translucent gate.
 54973 | Crypt:1  | Noticed Vailuoroe's ghost (veteran GrEE)
 54973 | Crypt:1  | Noticed Raxkuugy's ghost (master TeHu)
 55216 | Crypt:1  | Killed Raxkuugy's ghost
 55608 | Crypt:1  | Killed Vailuoroe's ghost
 55626 | Crypt:1  | Identified the +0 pair of boots of Whack-A-Mole {rF+ rN+
                  | Int-3}
 56398 | Crypt:2  | Paralysed by a vampire knight for 5 turns
 56552 | Crypt:3  | Entered Level 3 of the Crypt
 56603 | Crypt:3  | Reached skill level 15 in Shapeshifting
 56950 | Crypt:3  | Paralysed by a vampire knight for 3 turns
 57793 | Crypt:3  | Identified the +0 hand axe "Raedic" {speed, *Rage rC+ Dex+2
                  | SInv}
 57905 | Crypt:3  | Found a basalt altar of Yredelemnul.
 58169 | Crypt:3  | Identified the +6 plate armour of Tenacity {Fly rElec Str+5
                  | Dex-4}
 58206 | Crypt:3  | Reached XP level 24. HP: 195/195 MP: 9/43
 58333 | Crypt:3  | Noticed a curse toe
 58344 | Crypt:3  | Noticed a curse toe
 58397 | Crypt:3  | Killed a curse toe
 58501 | Crypt:3  | Found an ancient bone altar of Kikubaaqudgha.
 58508 | Crypt:3  | Killed a curse toe
 58562 | Crypt:3  | Found a basalt altar of Yredelemnul.
 58595 | Crypt:3  | Got the Almanac of Massed Congelation
 58631 | Crypt:3  | Identified the staff of War {rN+ Str+4 Necro Earth}
 58915 | Crypt:3  | Found a staircase to the Tomb.
 59494 | Depths:1 | Entered Level 1 of the Depths
 60007 | Depths:1 | Noticed Saint Roka
 60284 | Depths:1 | Killed Saint Roka
 60364 | Depths:1 | Found a glowing golden altar of the Shining One.
 60608 | Depths:1 | Found a gateway to Hell.
 60956 | Depths:1 | Found a one-way gateway to a ziggurat.
 60998 | Depths:1 | Found the +8 autumn katana {manifold assault}
 61251 | D:10     | Bought -1 pearl dragon scales for 1330 gold pieces
 61396 | Vaults:2 | You paid a toll of -1 pearl dragon scales to enter a
                  | treasure trove
 61397 | Trove    | Entered a treasure trove
 61406 | Trove    | Identified the +1 scale mail "Vasuygang" {rCorr MP+9}
 61407 | Trove    | Identified the ring "Anautill" {Will- Str+6 Int+3 Dex+2}
 61409 | Trove    | Identified the ring of Eternal Night {rF+ EV+5 Int+6}
 61428 | Trove    | Identified the +1 helmet of Hoisipn {Int+2}
 62680 | Depths:2 | Reached XP level 25. HP: 203/203 MP: 9/44
 62691 | Depths:2 | Learned a level 7 spell: Summon Hydra
 62806 | Depths:2 | Reached XP level 26. HP: 211/211 MP: 44/44
 62832 | Depths:2 | Noticed the Enchantress
 62840 | Depths:2 | Killed the Enchantress
 62859 | Depths:2 | Identified the ring "Beonuav" {+Blink rElec Int-3 SInv}
 62869 | Depths:2 | Identified the +6 chain mail "Sistraf" {Str+3 Dex-3 SInv}
 63792 | Depths:3 | Identified the +7 scimitar of Arphonudi {pain, ^Drain rF+
                  | Will+}
 64343 | Depths:3 | Identified the serpent talisman of Raebeuc {Dex+4}
 64481 | Depths:3 | Reached skill level 15 in Conjurations
 64481 | Depths:3 | Reached skill level 15 in Hexes
 64481 | Depths:3 | Reached skill level 15 in Summonings
 64481 | Depths:3 | Reached skill level 15 in Necromancy
 64481 | Depths:3 | Reached skill level 15 in Translocations
 64481 | Depths:3 | Reached skill level 15 in Fire Magic
 64481 | Depths:3 | Reached skill level 15 in Ice Magic
 64481 | Depths:3 | Reached skill level 15 in Air Magic
 64481 | Depths:3 | Reached skill level 15 in Earth Magic
 64481 | Depths:3 | Reached skill level 15 in Alchemy
 65116 | Vaults:1 | Bought a masterwork plate armour for 1120 gold pieces
 65116 | Vaults:1 | Identified the +0 plate armour of Subjectivity {Rampage
                  | MP+9 Str+3} (You bought it in a shop on level 1 of the
                  | Vaults)
 65118 | Vaults:1 | Bought an ichor-stained chain mail for 380 gold pieces
 65118 | Vaults:1 | Identified the +2 chain mail "Noigriuz" {Dex+4} (You bought
                  | it in a shop on level 1 of the Vaults)
 65518 | Orc:2    | Bought a steaming chain mail for 361 gold pieces
 65518 | Orc:2    | Identified the +6 chain mail of the Equinox {Stlth+} (You
                  | bought it in a shop on level 2 of the Orcish Mines)
 65829 | Depths:4 | Entered Level 4 of the Depths
 66344 | Depths:4 | Found Ruennogg's Distillery.
 67505 | Depths:4 | Found a gate to the Realm of Zot.
 68050 | Slime:1  | Entered Level 1 of the Pits of Slime
 68293 | Slime:1  | Gained mutation: Your skin changes colour to match your
                  | surroundings (Stealth+). [a shining eye]
 68310 | Slime:1  | Gained mutation: You are dopey. (Int -2) [a shining eye]
 68313 | Lair:4   | Gained mutation: Your spells are a little easier to cast,
                  | but a little less powerful. [a shining eye]
 68389 | Slime:1  | Gained mutation: Your health recovers twice as slowly from
                  | being drained. [a shining eye]
 69279 | Slime:2  | Reached XP level 27. HP: 219/219 MP: 20/45
 69347 | Slime:2  | Gained mutation: You occasionally shout uncontrollably at
                  | your foes. [a shining eye]
 69350 | Slime:2  | Gained mutation: Potions are less effective at restoring
                  | your health. [a shining eye]
 69354 | Slime:1  | Lost mutation: You occasionally shout uncontrollably at
                  | your foes. [potion of mutation]
 69354 | Slime:1  | Lost mutation: Your spells are a little easier to cast, but
                  | a little less powerful. [potion of mutation]
 69354 | Slime:1  | Lost mutation: You are dopey. (Int -2) [potion of mutation]
 69354 | Slime:1  | Gained mutation: You are partially covered in iridescent
                  | scales. (AC +2) [potion of mutation]
 69354 | Slime:1  | Gained mutation: You are mostly covered in iridescent
                  | scales. (AC +4) [potion of mutation]
 70289 | Slime:5  | Entered Level 5 of the Pits of Slime
 70686 | Slime:5  | Noticed the Royal Jelly
 70927 | Slime:5  | Killed the Royal Jelly
 71113 | Slime:5  | Gained mutation: Your magical capacity is low. (-10% MP) [a
                  | shining eye]
 71211 | Slime:5  | Identified the +2 chain mail of Valiance {Rampage}
 71221 | Slime:5  | Gained mutation: Your body sometimes deteriorates upon
                  | taking damage. [a shining eye]
 71223 | Slime:5  | Gained mutation: You are dopey. (Int -2) [a shining eye]
 71313 | Slime:5  | Got a slimy rune of Zot
 71327 | Slime:5  | Identified the +6 hand axe of the Equator {drain, rPois}
 71331 | Slime:5  | Identified the +0 halberd of Welfare {drain, rPois}
 71357 | Slime:5  | Got the Handbook of the Ashen Gathering
 71370 | Slime:5  | Identified the +8 short sword of Vupack {vamp, rF+ MP-9
                  | SInv}
 71383 | Slime:5  | Found the +7 captain's cutlass {speed, disarm}
 71553 | Slime:5  | Gained mutation: You are weak. (Str -2) [a shining eye]
 71610 | Slime:1  | Lost mutation: Your magical capacity is low. (-10% MP)
                  | [potion of mutation]
 71610 | Slime:1  | Lost mutation: Potions are less effective at restoring your
                  | health. [potion of mutation]
 71610 | Slime:1  | Lost mutation: You are weak. (Str -2) [potion of mutation]
 71610 | Slime:1  | Gained mutation: Your spells are a little harder to cast,
                  | but a little more powerful. [potion of mutation]
 71999 | Zot:1    | Entered Level 1 of the Realm of Zot
 72538 | D:1      | Bought a scroll of revelation for 187 gold pieces
 73106 | Zot:1    | Noticed a juggernaut
 73115 | Zot:1    | Killed a juggernaut
 74137 | Zot:2    | Acquired 678 gold pieces
 74139 | Zot:2    | Acquired 800 gold pieces
 74442 | Zot:2    | Identified the +4 shortbow of Qapopriu {freeze, rN+ Will+
                  | Dex-2}
 74640 | Zot:2    | Identified the +7 quarterstaff of Tenacity {holy, rC+ Int-2
                  | SInv}
 75464 | Zot:2    | Identified the +1 storm dragon scales of Rakliby {-Tele
                  | rElec rF+++ Str+2 Dex+3}
 77949 | Zot:5    | Entered Level 5 of the Realm of Zot
 77950 | Zot:5    | Noticed a dread lich
 79471 | Zot:5    | Noticed an orb of fire
 79473 | Zot:5    | Gained mutation: You occasionally lose the ability to drink
                  | potions when taking damage. [an orb of fire]
 79475 | Zot:5    | Gained mutation: You sometimes lose your temper in combat.
                  | [an orb of fire]
 79482 | Zot:5    | Gained mutation: You have an uncontrollable temper. [an orb
                  | of fire]
 79491 | Zot:5    | Gained mutation: You are frail. (-10% HP) [an orb of fire]
 79491 | Zot:5    | Noticed an orb of fire
 79505 | Zot:4    | Killed an orb of fire
 79558 | Zot:4    | Lost mutation: Your skin changes colour to match your
                  | surroundings (Stealth+). [potion of mutation]
 79558 | Zot:4    | Lost mutation: Your spells are a little harder to cast, but
                  | a little more powerful. [potion of mutation]
 79558 | Zot:4    | Gained mutation: You occasionally shout uncontrollably at
                  | your foes. [potion of mutation]
 79558 | Zot:4    | Gained mutation: Your flesh is cold resistant. (rC+)
                  | [potion of mutation]
 79559 | Zot:4    | Lost mutation: You have an uncontrollable temper. [potion
                  | of mutation]
 79559 | Zot:4    | Lost mutation: Your flesh is cold resistant. (rC+) [potion
                  | of mutation]
 79559 | Zot:4    | Gained mutation: Your magical capacity is low. (-10% MP)
                  | [potion of mutation]
 79559 | Zot:4    | Gained mutation: You have sharp toenails. [potion of
                  | mutation]
 79560 | Zot:4    | Lost mutation: You occasionally shout uncontrollably at
                  | your foes. [potion of mutation]
 79560 | Zot:4    | Lost mutation: You occasionally lose the ability to drink
                  | potions when taking damage. [potion of mutation]
 79560 | Zot:4    | Lost mutation: You are mostly covered in iridescent scales.
                  | (AC +4) [potion of mutation]
 79560 | Zot:4    | Lost mutation: You are dopey. (Int -2) [potion of mutation]
 79560 | Zot:4    | Lost mutation: Your magical capacity is low. (-10% MP)
                  | [potion of mutation]
 79561 | Zot:4    | Lost mutation: Your body sometimes deteriorates upon taking
                  | damage. [potion of mutation]
 79561 | Zot:4    | Lost mutation: You sometimes lose your temper in combat.
                  | [potion of mutation]
 79561 | Zot:4    | Lost mutation: Your health recovers twice as slowly from
                  | being drained. [potion of mutation]
 79561 | Zot:4    | Gained mutation: Your body sometimes deteriorates upon
                  | taking damage. [potion of mutation]
 79561 | Zot:4    | Gained mutation: You are mostly covered in iridescent
                  | scales. (AC +4) [potion of mutation]
 79565 | Zot:5    | Gained mutation: You are very frail. (-20% HP) [an orb of
                  | fire]
 79580 | Zot:5    | Gained mutation: You are weak. (Str -2) [an orb of fire]
 79582 | Zot:4    | Gained mutation: You occasionally lose the ability to read
                  | scrolls when taking damage. [an orb of fire]
 79585 | Zot:4    | Killed an orb of fire
 79674 | Zot:4    | Lost mutation: You have sharp toenails. [potion of
                  | mutation]
 79674 | Zot:4    | Lost mutation: You are weak. (Str -2) [potion of mutation]
 79674 | Zot:4    | Lost mutation: You are very frail. (-20% HP) [potion of
                  | mutation]
 79674 | Zot:4    | Gained mutation: You are clumsy. (Dex -2) [potion of
                  | mutation]
 79674 | Zot:4    | Gained mutation: You have hidden genetic potential. [potion
                  | of mutation]
 79682 | Zot:5    | Noticed a dread lich
 79683 | Zot:5    | Killed a dread lich
 79690 | Zot:5    | Killed a dread lich
 80164 | Depths:4 | Bought a potion of mutation for 128 gold pieces
 80164 | Depths:4 | Lost mutation: Your body sometimes deteriorates upon taking
                  | damage. [potion of mutation]
 80164 | Depths:4 | Lost mutation: You are frail. (-10% HP) [potion of
                  | mutation]
 80164 | Depths:4 | Lost mutation: You occasionally lose the ability to read
                  | scrolls when taking damage. [potion of mutation]
 80164 | Depths:4 | Gained mutation: You occasionally lose the ability to read
                  | scrolls when taking damage. [potion of mutation]
 80164 | Depths:4 | Gained mutation: You have an increased reservoir of magic.
                  | (+10% MP) [potion of mutation]
 80164 | Depths:4 | Gained mutation: You sometimes lose the ability to read
                  | scrolls when taking damage. [potion of mutation]
 80416 | Elf:2    | Bought a potion of mutation for 168 gold pieces
 80416 | Elf:2    | Lost mutation: You are mostly covered in iridescent scales.
                  | (AC +4) [potion of mutation]
 80416 | Elf:2    | Lost mutation: You are partially covered in iridescent
                  | scales. (AC +2) [potion of mutation]
 80416 | Elf:2    | Lost mutation: You sometimes lose the ability to read
                  | scrolls when taking damage. [potion of mutation]
 80416 | Elf:2    | Gained mutation: Your movements are slightly less
                  | encumbered by armour. (ER -2) [potion of mutation]
 81477 | Zot:5    | Noticed a dread lich
 81483 | Zot:5    | Got the Orb of Zot
 81483 | Zot:5    | Killed a dread lich
 81490 | Zot:5    | Noticed Secisi the pandemonium lord
 81491 | Zot:5    | Gained mutation: You do not regenerate when monsters are
                  | visible. [a neqoxec]
 81623 | Depths:4 | Noticed Kunwuf the pandemonium lord
 81657 | Depths:4 | Noticed Kujaoxeg the pandemonium lord
 82030 | D:$      | Escaped with the Orb!

Illustrated notes

Levels and vault maps discovered:
D:1:      dpeg_arrival_stone_temple_mockup, layout_loops_ring,
          dreamdust_ecumenical_altar_grove, serial_shops, shop_statue
D:2:      layout_rooms, serial_shops, nicolae_shop_just_a_little_nook,
          uniq_sigmund, uniq_jessica
D:3:      layout_loops_ring, mainiacjoe_overflow_brackets, portal_sewer_entry_b,
          uniq_natasha, uniq_ijyb
D:4:      layout_rooms, uniq_edmund
D:5:      layout_basic, mainiacjoe_overflow_catch_the_wave, minivault_27,
          uniq_crazy_yiuf_cottage
D:6:      layout_cave_pools, minmay_temple_entry_statues,
          gammafunk_ghost_abyssal_escape
D:7:      layout_rooms
D:8:      layout_rooms, serial_shops, nicolae_shop_tiny_glass, uniq_grum
D:9:      layout_small_grid, lair_entry_dummy, enter_bailey_3, uniq_jeremiah
D:10:     layout_roguey, hiddenorc2_lemuel, minmay_curled_crystal,
          minmay_shop_damaged
D:11:     layout_basic, serial_shops, nicolae_shop_bloodbath_and_beyond
D:12:     minmay_box_of_statues, layout_loops_ring, minivault_4
D:13:     layout_basic, evilmike_butchery
D:14:     layout_loops_ring, ximxim_vaults_locker_room, st_stairs_3
D:15:     grunt_enter_depths_snipers, layout_basic, nicolae_uskayaw_dance_hall,
          hangedman_abyss_or_decor_passed
Lair:1:   layout_cave_pods
Lair:2:   layout_cave_pods
Lair:3:   layout_chaotic_city, mainiacjoe_swamp_entry_angry_trees,
          nicolae_snake_entry_squirm, basic_altar, grunt_megastairs_3
Lair:4:   layout_cave_pods, slime_entry_2, gammafunk_ghost_necromancy,
          minivault_27, grunt_megastairs_1, uniq_snorg, uniq_josephine
Lair:5:   hellmonk_lair_end_abyssal_woods, layout_cave_pods, uniq_kirke
Swamp:1:  layout_basic_swamp, evilmike_swamp_ruin_house_4,
          infiniplex_staircase_pool
Swamp:2:  layout_falls_marsh, serial_swamp_ruin, evilmike_swamp_ruin_house_6,
          evilmike_swamp_ruin_rubble_2, evilmike_swamp_ruin_house_2
Swamp:3:  layout_basic_swamp, hangedman_swamp_ruin_wall
Swamp:4:  swamp_basic_johnstein, layout_basic_swamp, swamp_pool_4
Snake:1:  layout_rooms, lemuel_oklob_altar
Snake:2:  layout_chambers, ebering_ghost_inner_flame, nicolae_triple_integral
Snake:3:  layout_cave_shapes, ebering_ghost_reflecting_pool,
          serial_bayou_shore_b, minmay_shop_star
Snake:4:  grunt_snake_rune_serpentine_throne, layout_cave_town
Slime:1:  layout_caves, special_room [special_room_jelly],
          cheibrodos_slime_lost_civilization_7
Slime:2:  layout_caves
Slime:3:  layout_caves
Slime:4:  layout_caves, special_room [special_room_jelly]
Slime:5:  slime_pit_nicolae_block_by_block
Orc:1:    layout_caves, serial_shops, shop, basic_altar, mines3_lemuel
Orc:2:    pf_orc_diabolical, layout_caves
Elf:1:    minmay_elf_arrival_summoners, layout_geoelf_grid,
          minmay_elf_annihilation
Elf:2:    elven_hall_of_blades_hangedman_original
          [nicolae_blade_entry_pointy_end], layout_geoelf_grid, serial_shops,
          shop, portal_desolation_entry_salt,
          serial_library_hellmonk_double_dead_end, billiards_dpeg
Vaults:1: vaults_mumra_chevron, nicolae_vaults_trapezoid_2,
          nicolae_vaults_variable_pillar_hall, nicolae_vaults_double_plus_1,
          v_misc_22, nicolae_vaults_lightning_bolt, v_rooms_5, v_misc_16,
          nicolae_vaults_taking_the_gang_shopping, nicolae_vaults_house_1,
          nicolae_vaults_variable_pillar_hall, lemuel_angel_altar,
          nicolae_vaults_mitosis, layout_vaults_omnibox, serial_shops, shop,
          nicolae_shop_trees, nicolae_lakefront_shop, shop, nicolae_shop_stone
Vaults:2: nicolae_vaults_heist, nicolae_vaults_big_angled_halls,
          nicolae_vaults_tetromino_L_2, v_misc_14, vaults_room_corners,
          nicolae_vaults_wrenched, nicolae_vaults_weapon_check,
          vaults_dpeg_ring, ontoclasm_vaults_decontamination, v_rooms_4,
          v_misc_3, nicolae_vaults_house_2, layout_vaults_big_room,
          enter_trove_1, uniq_jory
Vaults:3: advil_vaults_ghost_guards, v_misc_27, nicolae_vaults_house_2,
          ontoclasm_vaults_gateway, dpeg_vaults_pockets_of_resistance,
          ontoclasm_vaults_eye, vaults_room_pools, v_misc_2,
          minmay_crypt_entry_simple_box, hangedman_vaults_stretched_pinwheel,
          layout_vaults_omnigrid, uniq_xtahua, uniq_zenata, uniq_asterion
Vaults:4: nicolae_vaults_offset_grid_hallway_2,
          nicolae_vaults_offset_grid_hallway_3,
          nicolae_vaults_stairing_the_circle, nicolae_vaults_little_squares_1,
          vaults_mumra_minichess_inversion, ontoclasm_vaults_pinch,
          ontoclasm_vaults_ring_square, nicolae_vaults_apartment_1,
          st_octagons_1, nicolae_vaults_storage_closets_2, v_misc_2,
          vaults_room_grunt_arrival_ludios, nicolae_vaults_little_squares_4,
          vaults_room_stairs_pillars, nicolae_vaults_border_crossing,
          vaults_room_stairs_pillars, layout_vaults_ring, uniq_mennas
Crypt:1:  layout_gridlike, gammafunk_ghost_cemetery
Crypt:2:  layout_rooms
Crypt:3:  lightli_unholy_cathedral, layout_chaotic_city,
          tomb_entry_forgotten_bobbens, nicolae_crypt_vampire_mansion
Depths:1: grunt_crosshair, layout_cave_pools, enter_ziggurat_f, hell_entry,
          st_stairs_9, tso_oasis_becter, uniq_saint_roka
Depths:2: grunt_forest_end_winery, layout_basic, grunt_mini_vestibule,
          infiniplex_staircase_diamond, pan_entry
Depths:3: minmay_ornate_pinched, layout_gridville, abyss_entry,
          minmay_stone_trees_small, hell_entry, kennysheep_random_hallway
Depths:4: evilmike_zot_entry_gauntlet, layout_honeycomb, serial_shops, shop,
          abyss_entry, hell_entry, serial_bayou_shore_b, uniq_grunn,
          uniq_enchantress
Zot:1:    ebering_greatest_show_in_zot, layout_gridlike
Zot:2:    gammafunk_mikee_crab_dinner, layout_onion, uniq_josephina
Zot:3:    layout_misc_corridors, regret_index_zotdec_misc_clamp
Zot:4:    layout_misc_corridors, regret_index_zotdec_split_disrupt,
          hangedman_snake_sidewinding
Zot:5:    layout_basic, guppyfry_library_mini

Skill      XL: |  1  2  3  4  5  6  7  8  9 10 11 12 13 14 15 16 17 18 19 20 21 22 23 24 25 26 27 |
---------------+----------------------------------------------------------------------------------+-----
Short Blades   | 1 2 3 5 6 7 8 9 10 11 12 13 14 15 16 17 18 19 | 19.8
Long Blades    | 1 2 3 5 6 7 8 9 10 11 12 13 14 15 16 17 18 19 | 19.8
Axes           | 1 2 3 5 6 7 8 9 10 11 12 13 14 15 16 17 18 19 | 19.8
Maces & Flails | 1 2 3 5 6 7 8 9 10 11 12 13 14 15 16 17 18 19 | 19.8
Polearms       | 1 2 3 5 6 7 8 9 10 11 12 13 14 15 16 17 18 19 | 19.8
Staves         | 1 2 3 5 6 7 8 9 10 11 12 13 14 15 16 17 18 19 | 19.8
Ranged Weapons | 1 2 3 5 6 7 8 9 10 11 12 13 14 15 16 17 18 19 | 19.8
Armour         | 1 2 3 5 6 7 8 9 10 11 12 13 14 15 16 17 18 19 | 19.8
Stealth        | 1 2 3 5 6 7 8 9 10 11 12 13 14 15 16 17 18 19 | 19.8
Shields        | 1 2 3 5 6 7 8 9 10 11 12 13 14 15 16 17 18 19 | 19.8
Invocations    | 1 2 3 4 5 6 7 8 9 10 11 12 13 14 15 16 17 18 19 21 | 21.4
Shapeshifting  | 1 2 3 4 5 6 7 8 9 10 11 12 13 14 15 16 18 | 18.3
Spellcasting   | 3 4 5 6 7 8 9 10 11 12 13 14 15 16 17 18 20 | 20.0
Conjurations   | 1 2 3 4 5 6 7 8 9 10 11 12 13 14 15 16 | 16.9
Hexes          | 1 2 3 4 5 6 7 8 9 10 11 12 13 14 15 16 | 16.9
Summonings     | 1 2 3 4 5 6 7 8 9 10 11 12 13 14 15 16 | 16.9
Necromancy     | 1 2 3 4 5 6 7 8 9 10 11 12 13 14 15 16 | 16.9
Translocations | 1 2 3 4 5 6 7 8 9 10 11 12 13 14 15 18 | 18.1
Fire Magic     | 1 2 3 4 5 6 7 8 9 10 11 12 13 14 15 16 | 16.9
Ice Magic      | 1 2 3 4 5 6 7 8 9 10 11 12 13 14 15 16 | 16.9
Air Magic      | 1 2 3 4 5 6 7 8 9 10 11 12 13 14 15 16 | 16.9
Earth Magic    | 1 2 3 4 5 6 7 8 9 10 11 12 13 14 15 16 | 16.9
Alchemy        | 1 2 3 4 5 6 7 8 9 10 11 12 13 14 15 16 | 16.9
Throwing       | 3 4 5 6 7 8 9 10 11 12 13 14 15 16 17 18 20 | 20.0
Dodging        | 3 4 5 6 7 8 9 10 11 12 13 14 15 16 17 18 20 | 20.0
Evocations     | 3 4 5 6 7 8 9 10 11 12 13 14 15 16 17 18 20 | 20.0
Fighting       | 5 6 7 8 9 10 11 12 13 14 15 16 17 18 20 | 20.2
Unarmed Combat | 9 10 11 12 13 14 15 16 17 18 19 21 | 21.2

Action                     |  1- 3 |  4- 6 |  7- 9 | 10-12 | 13-15 | 16-18 | 19-21 | 22-24 | 25-27 || total
---------------------------+-------+-------+-------+-------+-------+-------+-------+-------+-------++-------
  Melee: Unarmed           |    49 |   109 |   138 |       |    11 |       |       |    57 |       ||   364
         Bite              |     4 |    13 |    41 |    78 |   256 |   210 |   124 |   125 |   209 ||  1060
         Quarterstaff      |       |       |   129 |   514 |  1312 |   178 |       |       |       ||  2133
         Hand axe          |       |       |       |       |     5 |    30 |       |       |       ||    35
         Punch             |       |       |       |       |     1 |       |       |     2 |       ||     3
         Eveningstar       |       |       |       |       |       |  1607 |  1527 |    66 |       ||  3200
         Trishula          |       |       |       |       |       |       |       |  1717 |   934 ||  2651
         Katana            |       |       |       |       |       |       |       |       |  1721 ||  1721
   Fire: Sling             |       |       |    95 |       |       |       |       |       |       ||    95
  Throw: Boomerang         |    26 |     6 |    14 |    61 |    95 |       |       |       |       ||   202
         Stone             |     2 |       |       |       |    79 |       |       |       |       ||    81
         Dart              |       |     4 |     8 |       |       |       |       |       |       ||    12
         Throwing net      |       |       |       |       |     1 |       |       |       |       ||     1
         Javelin           |       |       |       |       |     2 |     1 |       |       |       ||     3
   Cast: Slow              |       |       |    20 |    36 |    27 |     2 |       |       |       ||    85
         Ozocubu's Armour  |       |       |       |    23 |     1 |     9 |    21 |    30 |    13 ||    97
         Call Canine Famil |       |       |       |    15 |     4 |     3 |     6 |       |       ||    28
         Frozen Ramparts   |       |       |       |       |       |    10 |       |     1 |       ||    11
         Manifold Assault  |       |       |       |       |       |   482 |   587 |   601 |   883 ||  2553
         Fireball          |       |       |       |       |       |     2 |       |       |     2 ||     4
         Summon Forest     |       |       |       |       |       |    28 |    59 |    79 |   109 ||   275
         Blink             |       |       |       |       |       |     2 |     1 |       |       ||     3
         Summon Lightning  |       |       |       |       |       |       |    37 |    62 |    70 ||   169
         Summon Cactus Gia |       |       |       |       |       |       |    21 |    49 |    20 ||    90
         Eringya's Noxious |       |       |       |       |       |       |       |     7 |       ||     7
         Summon Hydra      |       |       |       |       |       |       |       |       |    68 ||    68
 Invoke: Divine Shield     |       |     1 |     6 |    10 |    10 |    10 |     5 |     7 |     3 ||    52
         Cleansing Flame   |       |       |       |     3 |     3 |     5 |     3 |     6 |     3 ||    23
         Summon Divine War |       |       |       |       |     2 |     3 |     2 |     4 |     8 ||    19
         Brand Weapon With |       |       |       |       |       |       |       |     1 |       ||     1
  Evoke: Wand              |       |       |       |       |    10 |     5 |       |     1 |     1 ||    17
    Use: Potion            |       |     1 |     1 |     6 |     1 |     4 |     3 |     3 |    20 ||    39
         Scroll            |       |       |       |    13 |    14 |    12 |     8 |    15 |    15 ||    77
 Armour: Leather armour    |    20 |    11 |    24 |    16 |       |       |       |       |       ||    71
         Skin              |       |     9 |       |       |     5 |       |       |     1 |       ||    15
         Ring mail         |       |    38 |   172 |       |       |       |       |       |       ||   210
         Steam dragon scal |       |       |       |   272 |       |       |       |       |       ||   272
         Plate armour      |       |       |       |   293 |  1512 |   922 |       |       |       ||  2727
         Swamp dragon scal |       |       |       |       |       |   401 |   130 |       |       ||   531
         Chain mail        |       |       |       |       |       |       |   198 |       |       ||   198
         Scale mail        |       |       |       |       |       |       |   141 |   280 |   345 ||   766
  Dodge: Dodged            |    13 |    33 |   131 |   341 |   431 |   683 |   433 |   169 |   440 ||  2674
  Block: Kite shield       |     9 |    63 |    73 |       |       |   955 |   716 |    10 |       ||  1826
         Other             |       |       |     9 |    59 |    74 |     4 |       |       |       ||   146
         Tower shield      |       |       |       |       |       |       |       |   885 |  1239 ||  2124
         Form:             |       |       |       |       |       |       |       |     1 |       ||     1
         Statue            |       |       |       |       |       |       |       |     1 |       ||     1

Table legend: (Time is in decaauts)
 A = Elapsed time spent in this place.
 B = Non-inter-level travel time spent in this place.
 C = Inter-level travel time spent in this place.
 D = Time resting spent in this place.
 E = Time spent auto-exploring this place.
 F = Levels seen in this place.
 G = Mean time per level.
                   A        B        C        D        E       F      G
               +--------+--------+--------+--------+--------+-----+--------+
         Total |  81025 |  70811 |  10214 |  20156 |  28486 |  56 | 1446.9 |
       Dungeon |  17763 |  14208 |   3555 |   3079 |   7391 |  15 | 1184.2 |
          Lair |  10762 |   9044 |   1718 |   2430 |   3888 |   5 | 2152.4 |
         Swamp |   4668 |   4327 |    341 |    913 |   1569 |   4 | 1167.0 |
     Snake Pit |   7078 |   6515 |    563 |   1878 |   2452 |   4 | 1769.5 |
    Slime Pits |   3307 |   3228 |     79 |   1089 |    825 |   5 |  661.4 |
  Orcish Mines |   2636 |   2118 |    518 |    133 |    779 |   2 | 1318.0 |
   Elven Halls |   3307 |   3090 |    217 |    979 |   1229 |   2 | 1653.5 |
        Vaults |   9395 |   8359 |   1036 |   2779 |   3470 |   4 | 2348.8 |
         Crypt |   4702 |   4471 |    231 |   1466 |   1807 |   3 | 1567.3 |
        Depths |   7783 |   6399 |   1384 |   2201 |   2504 |   4 | 1945.8 |
           Zot |   7843 |   7277 |    566 |   2755 |   2108 |   5 | 1568.6 |
         Trove |     92 |     92 |      0 |      0 |      0 |   1 |   92.0 |
         Sewer |    144 |    144 |      0 |      0 |     14 |   1 |  144.0 |
    Desolation |   1541 |   1541 |      0 |    449 |    448 |   1 | 1541.0 |
               +--------+--------+--------+--------+--------+-----+--------+

Top non-repeatable levels by time:
Vaults:4: 2598 daAuts
  Lair:4: 2565 daAuts
Vaults:3: 2547 daAuts
 Crypt:3: 2477 daAuts
  Lair:1: 2397 daAuts
Depths:2: 2278 daAuts
Depths:4: 2268 daAuts
Vaults:2: 2228 daAuts
  Lair:5: 2200 daAuts
   Zot:5: 2177 daAuts
 Snake:4: 2024 daAuts
Vaults:1: 2021 daAuts
  Lair:2: 1914 daAuts
    D:14: 1909 daAuts
 Snake:2: 1842 daAuts
